Map: Überwucherte Anlage

Players

RiseAgainst - Winner!

  • Race: Terran Terran
  • League: Diamond
  • Spawn Location: 1:00

Panda - Winner!

  • Race: Zerg Zerg
  • League: Diamond
  • Spawn Location: 3:00

OKai

  • Race: Terran Terran
  • League: Diamond
  • Spawn Location: 7:00

Sorgoth

  • Race: Terran Terran
  • Spawn Location: 9:00

VOD

Have the link to the VOD?

Description

Time

  • Played on: Sept. 10, 2017, 4:31 p.m.
  • Length: 6:00
Show
View Real Time Build Order
Export as new Build Order

RiseAgainst Terran - Winner!

Build Orders: Reaper Expand 

Get SALT Encoding   

  12  0:00  SCV  
  13  0:13  SCV  
  14  0:18  Supply Depot  
  14  0:25  SCV  
  15  0:40  SCV  
  15  0:41  Barracks  
  16  0:44  Refinery  
  16  0:52  SCV  
  17  1:04  SCV  
  18  1:16  SCV  
  19  1:28  Orbital Command  
  19  1:29  Reaper  
  20  1:42  Command Center  
  20  1:53  SCV  
  21  1:56  Supply Depot  
  21  2:01  Barracks Reactor  
  21  2:06  SCV  
  22  2:11  Refinery  
  22  2:23  Factory  
  22  2:25  SCV  
  22  2:44  SCV  
  22  2:45  Marine x2  
  24  3:13  SCV  
  24  3:14  Orbital Command  
  24  3:22  Cyclone x2  
  24  3:25  Marine  
  31  3:28  SCV  
  32  3:40  SCV  
  33  3:42  Barracks  
  34  3:48  SCV  
  34  3:50  Barracks Tech Lab  
  34  3:53  SCV  
  34  3:54  Cyclone x2  
  41  4:01  SCV  
  42  4:03  Supply Depot  
  42  4:06  SCV  
  42  4:09  Marine  
  43  4:27  Marine  
  44  4:32  Starport  
  44  4:37  Barracks  
  44  4:38  SCV x2  
  46  4:40  Marine x2  
  48  4:48  Refinery  
  48  4:49  Factory Reactor  
  48  4:50  Supply Depot, SCV x2, Refinery  
  50  4:54  Marine  
  50  4:58  Marine  
  52  5:01  Supply Depot  
  52  5:02  SCV  
  52  5:04  Marine  
  54  5:11  Marine, SCV  
  56  5:17  SCV  
Show
View Real Time Build Order
Export as new Build Order

Panda Zerg - Winner!

Build Orders: Hatch First 

Get SALT Encoding   

  12  0:01  Drone  
  13  0:17  Overlord  
  13  0:22  Drone  
  14  0:35  Drone x2  
  16  0:39  Drone  
  17  0:58  Hatchery  
  16  1:05  Drone x2  
  16  1:10  Extractor  
  17  1:22  Spawning Pool  
  17  1:25  Drone  
  17  1:28  Drone  
  18  1:34  Overlord  
  18  1:52  Drone  
  19  2:08  Queen, Drone  
  20  2:14  Metabolic Boost  
  22  2:21  Spine Crawler  
  21  2:28  Hatchery  
  20  2:31  Overlord  
  20  2:35  Zergling x2  
  21  2:40  Zergling x2  
  21  2:54  Zergling x8  
  25  3:08  Zergling x8  
  29  3:24  Zergling x10  
  34  3:41  Overlord  
  34  3:42  Drone  
  34  3:43  Drone  
  34  3:47  Drone  
  37  3:49  Drone  
  37  3:51  Queen  
  40  3:57  Zergling x4  
  42  4:10  Baneling Nest  
  42  4:11  Zergling x4  
  43  4:19  Drone  
  43  4:21  Drone x2  
  43  4:23  Drone  
  47  4:31  Drone x3  
  50  4:44  Drone x4  
  54  4:56  Baneling  
  54  4:57  Baneling x4  
  54  5:08  Drone x3  
  54  5:10  Drone  
  54  5:11  Overlord x3  
  49  5:38  Zergling x12  
Show
View Real Time Build Order
Export as new Build Order

OKai Terran 

Build Orders:  

Get SALT Encoding   

  12  0:00  SCV  
  13  0:13  SCV  
  14  0:18  Supply Depot  
  14  0:25  SCV  
  15  0:35  Refinery  
  15  0:39  SCV  
  16  0:46  Barracks  
  16  0:52  SCV  
  17  1:04  SCV  
  18  1:10  Supply Depot  
  18  1:16  SCV  
  19  1:28  SCV  
  20  1:35  Reaper  
  21  1:41  Orbital Command  
  21  1:43  Refinery  
  21  1:57  Factory  
  21  2:07  SCV  
  22  2:19  SCV  
  22  2:20  Barracks Tech Lab  
  23  2:32  SCV  
  24  2:44  SCV  
  25  2:57  SCV  
  26  3:03  Armory  
  26  3:12  Barracks Reactor  
  26  3:26  SCV  
  27  3:32  Widow Mine  
  29  3:34  Command Center  
  29  3:43  Engineering Bay  
  29  3:45  SCV  
  30  3:52  Refinery  
  30  3:55  Factory, Barracks Reactor  
  30  3:58  SCV  
  30  3:59  Terran Vehicle And Ship Armor Level 1  
  31  4:09  Supply Depot  
  31  4:10  Supply Depot  
  31  4:19  Missile Turret  
  31  4:21  Refinery, Missile Turret  
  31  4:30  Widow Mine  
  33  4:32  Hi-Sec Auto Tracking  
  33  4:39  Barracks Reactor  
  33  4:45  Supply Depot x2  
  33  4:47  Orbital Command, SCV  
  33  4:52  Widow Mine  
  36  4:58  Widow Mine  
  38  5:08  SCV  
  38  5:12  Missile Turret  
  38  5:14  SCV  
  40  5:15  Missile Turret  
  40  5:17  Widow Mine  
  40  5:20  SCV, Widow Mine  
  44  5:26  SCV  
  44  5:27  Widow Mine  
  47  5:44  SCV x2  
Show
View Real Time Build Order
Export as new Build Order

Sorgoth Terran 

Build Orders:  

Get SALT Encoding   

  12  0:01  SCV  
  13  0:13  SCV  
  14  0:19  Supply Depot  
  14  0:25  SCV  
  15  0:40  SCV  
  15  0:42  Barracks  
  16  0:49  Refinery  
  16  0:53  SCV  
  17  1:05  SCV  
  18  1:17  SCV  
  19  1:30  Supply Depot  
  19  1:31  Reaper  
  19  1:32  Orbital Command  
  20  1:46  Barracks  
  20  1:47  Barracks  
  20  1:59  SCV  
  21  2:04  Refinery  
  21  2:11  SCV  
  22  2:18  Barracks Reactor  
  22  2:23  SCV  
  23  2:34  Marine  
  21  2:51  Marine  
  21  2:52  Marine  
  22  3:03  Marine x2  
  24  3:06  SCV  
  25  3:17  Command Center  
  25  3:18  SCV  
  26  3:23  Barracks Tech Lab  
  26  3:24  Barracks Reactor  
  25  3:30  SCV  
  26  3:38  Factory  
  26  3:42  SCV  
  27  3:54  SCV  
  28  3:57  Marine  
  28  3:58  Marine x2  
  31  4:03  Supply Depot  
  31  4:24  Starport, Factory Reactor, SCV  
  31  4:28  Supply Depot  
  31  4:29  Supply Depot, Marine x2  
  34  4:38  Orbital Command  
  34  4:41  SCV  
  35  4:48  Marine x3  
  38  4:55  Marine  
  39  5:11  SCV x2  
  39  5:13  Factory Tech Lab  
  41  5:15  Medivac  
  41  5:16  Medivac  
  41  5:18  Marine  
  46  5:23  SCV x2  
  44  5:33  Marine x2  
  44  5:34  Marine  
  27  5:36  Marine  
  27  5:40  Marine  
Tags
 
Add a new tag
Caveats
  • Supply blocks, unpowered buildings, or Contaminate may cause inaccurate times.
  • Supply counts are checked every 10 seconds.